 Dungeon Crawl Stone Soup version 0.30.1-4-g462c640d31 (webtiles) character file.

Game seed: 4915143353261345828

28 growler the Trooper (level 3, 29/29 HPs)
             Began as a Demonspawn Gladiator on Aug 16, 2023.
             Quit the game on level 2 of the Dungeon.
             The game lasted 00:01:51 (786 turns).

growler the Trooper (Demonspawn Gladiator)           Turns: 786, Time: 00:01:52

Health: 29/29      AC:  4    Str: 14    XL:     3   Next: 0%
Magic:  3/3        EV: 12    Int: 11    God:
Gold:   66         SH:  0    Dex: 14    Spells: 2/2 levels left

rFire   . . .        a - +0 war axe
rCold   . . .        (no shield)
rNeg    . . .        b - +0 leather armour
rPois   .            c - +0 helmet
rElec   .            (no cloak)
rCorr   .            (no gloves)
SInv    .            (no boots)
Will    .....        (no amulet)
Stlth   +            (no ring)
HPRegen 0.24/turn    (no ring)
MPRegen 0.08/turn

%: no passive effects
@: no status effects
A: hooves 1, spiny 1
a: no special abilities


You were on level 2 of the Dungeon.
You visited 1 branch of the dungeon, and saw 2 of its levels.

You collected 66 gold pieces.

Inventory:

Hand Weapons
 a - a +0 war axe (weapon)
Missiles
 d - 3 throwing nets (quivered)
 e - a javelin
Armour
 b - a +0 leather armour (worn)
 c - a +0 helmet (worn)
Scrolls
 h - 4 scrolls of summoning {unknown}
 i - 3 scrolls of identify {unknown}
 k - a scroll of blinking {unknown}
 l - a scroll of magic mapping {unknown}
 m - a scroll of teleportation {unknown}
Potions
 f - 2 potions of haste {unknown}
 g - a potion of degeneration {unknown}
 j - a potion of heal wounds {unknown}
 n - a potion of curing {unknown}
 o - a potion of might {unknown}


   Skills:
 + Level 3.5 Fighting
 - Level 2.6 Axes
 - Level 1.7 Throwing
 - Level 2.6 Dodging


You had 2 spell levels left.
You didn't know any spells.
Your spell library contained the following spells:

 Spells                   Type           Power      Damage    Failure   Level
 Shock                    Conj/Air       0%         1d3       41%         1
 Swiftness                Air            0%         N/A       80%         3
 Airstrike                Air            0%         2d(0-16)  99%         4


Dungeon Overview and Level Annotations

Branches:
Dungeon (2/15)

Altars:


Innate Abilities, Weirdness & Mutations

You have large cloven feet.
You are partially covered in sharp spines.


Message History

The kobold throws a stone.
The stone hits you but does no damage.
You slash the kobold!
You kill the kobold!
No target in view!
Things that are here:
a +0 short sword; 4 stones; a kobold corpse
Found a mace.
Found a stone staircase leading up.
Found an escape hatch in the ceiling.
You now have 53 gold pieces (gained 11).
n - a lumpy emerald potion A quokka comes into view.
A quokka is nearby!
Found a stone staircase leading down.
The quokka is struck by your spines. The quokka closely misses you.
You hit the quokka.
You kill the quokka!
No target in view!
A rat comes into view.
A rat is nearby!
Found a stone staircase leading down.
You see here 13 gold pieces.
You barely miss the rat. The rat is struck by your spines.
The rat barely misses you. The rat is struck by your spines.
You kill the rat!
No target in view!
You now have 66 gold pieces (gained 13).
o - a blue potion A hobgoblin comes into view.
The hobgoblin shouts!
A hobgoblin is nearby!
You barely miss the hobgoblin. The hobgoblin hits you.
You slash the hobgoblin!
You kill the hobgoblin!
You have reached level 3!
Your experience leads to an increase in your attributes!
Increase (S)trength, (I)ntelligence, or (D)exterity?
You feel clever. x2; Your demonic ancestry asserts itself...
Your feet thicken and deform.
Are you sure you want to abandon this character and quit the game? (Confirm with "yes".)

.###.#.###.#
>......#......
.............
##...#...##...
#........##...
#....##..##...
#####....##..##...
#........##.......
#@###.†..........#
#†# ##.......##..#
#.# #.......#...#
#.# #....#..#..##
#.# ##...#..#....
#.. .....#.###...
### ####.##......†
########... #.#.


There were no monsters in sight!

Vanquished Creatures
  An adder (D:2)
  An endoplasm (D:1)
  A giant cockroach (D:1)
  A goblin (D:1)
  3 hobgoblins
  2 quokkas
  A ball python (D:1)
  A frilled lizard (D:1)
  4 kobolds
  4 rats
19 creatures vanquished.

Notes
Turn   | Place    | Note
-------+----------+-------------------------------------------
     0 | D:1      | growler the Demonspawn Gladiator began the quest for the
                  | Orb.
     0 | D:1      | Reached XP level 1. HP: 16/16 MP: 1/1
   141 | D:1      | Gained mutation: You are partially covered in sharp spines.
                  | [demonic ancestry]
   141 | D:1      | Reached XP level 2. HP: 23/23 MP: 2/2
   454 | D:1      | Reached skill level 3 in Fighting
   786 | D:2      | Gained mutation: You have large cloven feet. [demonic
                  | ancestry]
   786 | D:2      | Reached XP level 3. HP: 29/29 MP: 3/3
   786 | D:2      | Quit the game

Illustrated notes

Levels and vault maps discovered:
D:1:      heliophobic_arrival_henge, layout_basic
D:2:      layout_basic

Skill      XL: |  1  2 |
---------------+-------+-----
Fighting       | 3 |  3.5
Axes           | |  2.6
Throwing       | |  1.7
Dodging        | |  2.6

Action                     || total
---------------------------++-------
  Melee: War axe           ||    41
 Armour: Leather armour    ||    13
  Dodge: Dodged            ||    37
